 Dungeon Crawl Stone Soup version 0.23.2-1-ga50397a6bc (webtiles) character file.

Game seed: 4586869039880882269

27659 Moonwind the Basher (level 13, -1/81 HPs)
             Began as a Gargoyle Fighter on Apr 21, 2019.
             Was a High Priest of Makhleb.
             Killed from afar by Frances (35 damage)
             ... with an iron shot
             ... on level 12 of the Dungeon on Apr 22, 2019.
             The game lasted 01:45:57 (14144 turns).

Moonwind the Basher (Gargoyle Fighter)             Turns: 14144, Time: 01:45:58

Health: -1/81      AC: 41    Str: 28    XL:     13   Next: 33%
Magic:  20/20      EV:  9    Int:  9    God:    Makhleb [*****.]
Gold:   163        SH:  8    Dex:  9    Spells: 12/12 levels left

rFire    + . .     SeeInvis +   R - +9 flail of Risk Management {elec, rF+ MR+}
rCold    . . .     Gourm    .   n - +2 buckler {AC+3}
rNeg     + . .     Faith    .   k - +7 plate armour of Dawn {Regen+ rCorr Str+3 SInv}
rPois    ∞         Spirit   .   d - +2 helmet
rElec    +         Reflect  .   x - +0 cloak
rCorr    +         Harm     .   m - +1 pair of gloves
MR       ++...                  (no boots)
Stlth    ..........             N - amulet of regeneration
HPRegen  1.03/turn              H - ring of protection from magic
MPRegen  0.17/turn              (no ring)

@: no status effects
A: negative energy resistance 1, electricity resistance, unbreathing,
petrification resistance, rot immunity, AC +9
a: Minor Destruction, Lesser Servant of Makhleb, Major Destruction, Greater
Servant of Makhleb, Renounce Religion


You were on level 12 of the Dungeon.
You worshipped Makhleb.
Makhleb was extremely pleased with you.
You were not hungry.

You visited 3 branches of the dungeon, and saw 14 of its levels.

You collected 1026 gold pieces.
You spent 863 gold pieces at shops.

Inventory:

Hand Weapons
 G - a +7 flail of freezing
 R - the +9 flail of Risk Management (weapon) {elec, rF+ MR+}
   (You bought it in a shop on level 4 of the Dungeon)

   Occasionally, upon striking a foe, it will discharge some electrical energy
   and cause terrible harm.
   It protects you from fire.
   It affects your resistance to hostile enchantments.
Armour
 d - a +2 helmet (worn)
 k - the +7 plate armour of Dawn (worn) {Regen+ rCorr Str+3 SInv}
   (You found it on level 1 of the Lair of Beasts)

   It affects your strength (+3).
   It lets you see invisible.
   It increases your rate of regeneration.
   It provides partial protection from all sources of acid and corrosion.
 m - a +1 pair of gloves (worn)
 n - a +2 buckler of protection (worn)
 q - a cursed -1 robe
 x - a +0 cloak (worn)
 S - a +1 hat of see invisible
Jewellery
 r - an uncursed ring of ice
 H - a ring of protection from magic (left hand)
 J - an uncursed ring of fire
 N - an amulet of regeneration (around neck)
Wands
 c - a wand of disintegration (13)
 B - a wand of random effects (38)
 C - a wand of scattershot (6)
 D - a wand of iceblast (6)
 L - a wand of acid (7)
 O - a wand of flame (18)
Scrolls
 b - a scroll of vulnerability {unknown}
 e - 3 scrolls of enchant armour {unknown}
 f - 2 scrolls of random uselessness {unknown}
 i - 2 scrolls of blinking
 o - 5 scrolls of remove curse
 t - 2 scrolls of immolation {unknown}
 w - 3 scrolls of fear {unknown}
 y - a scroll of fog {unknown}
 A - a scroll of magic mapping {unknown}
 E - a scroll of summoning {unknown}
 F - 2 scrolls of teleportation
 K - a scroll of silence {unknown}
 P - a scroll of holy word {unknown}
Potions
 a - a potion of agility {unknown}
 g - 4 potions of mutation
 h - 9 potions of curing
 j - 3 potions of cancellation
 l - 3 potions of lignification
 p - 5 potions of flight
 s - 5 potions of brilliance
 v - a potion of degeneration {unknown}
 z - 3 potions of heal wounds
 Q - a potion of might
Miscellaneous
 I - a phantom mirror
 M - a fan of gales
Comestibles
 u - 15 rations


   Skills:
 + Level 9.6 Fighting
 + Level 13.2 Maces & Flails
 + Level 10.1 Armour
 + Level 4.2 Dodging
 - Level 1.6 Stealth
 + Level 10.1 Shields
 * Level 9.3 Invocations


You had 12 spell levels left.
You didn't know any spells.
Your spell library contained the following spells:

 Spells                   Type           Power        Failure   Level  Hunger
 Animate Skeleton         Necr           N/A          97%         1    ##.....
 Apportation              Tloc           #.....       97%         1    ##.....
 Confusing Touch          Hex            #.....       97%         1    ##.....
 Corona                   Hex            #......      97%         1    ##.....
 Magic Dart               Conj           #...         97%         1    ##.....
 Sandblast                Erth           #.....       97%         1    ##.....
 Summon Small Mammal      Summ           #...         97%         1    ##.....
 Call Imp                 Summ           #.......     99%         2    ###....
 Passwall                 Tmut/Erth      #.......     99%         2    ###....
 Searing Ray              Conj           #.....       99%         2    ###....
 Slow                     Hex            #.......     99%         2    ###....
 Call Canine Familiar     Summ           #.......     100%        3    ####...
 Dazzling Spray           Conj/Hex       #.....       100%        3    ####...
 Inner Flame              Hex/Fire       #.......     100%        3    ####...
 Portal Projectile        Hex/Tloc       #.....       100%        3    ####...
 Stone Arrow              Conj/Erth      #.....       100%        3    ####...
 Summon Guardian Golem    Hex/Summ       #.......     100%        3    ####...
 Cause Fear               Hex            #.........   100%        4    #####..
 Force Lance              Conj/Tloc      #.......     100%        4    #####..
 Fulminant Prism          Conj/Hex       #.........   100%        4    #####..
 Iskenderun's Mystic Bla  Conj           #.......     100%        4    #####..
 Leda's Liquefaction      Hex/Erth       #.........   100%        4    #####..
 Petrify                  Tmut/Erth      #.......     100%        4    #####..
 Summon Ice Beast         Ice/Summ       #.......     100%        4    #####..
 Summon Lightning Spire   Summ/Air       #.......     100%        4    #####..
 Bolt of Magma            Conj/Fire/Erth #.........   100%        5    ######.
 Iskenderun's Battlesphe  Conj/Chrm      #.......     100%        5    ######.
 Lee's Rapid Deconstruct  Erth           #.........   100%        5    ######.
 Venom Bolt               Conj/Pois      #.........   100%        5    ######.
 Iron Shot                Conj/Erth      #.........   100%        6    #######
 Orb of Destruction       Conj           #.........   100%        7    #######
 Spellforged Servitor     Conj/Summ      #.........   100%        7    #######


Dungeon Overview and Level Annotations

Branches:
Dungeon (12/15)            Temple (1/1) D:4            Lair (1/6) D:10
    Orc (0/2) D:9

Altars:
Ashenzari
Cheibriados
Dithmenos
Elyvilon
Fedhas
Gozag
Hepliaklqana
Kikubaaqudgha
Makhleb
Nemelex Xobeh
Okawaru
Qazlal
Ru
Sif Muna
Trog
Uskayaw
Vehumet
Wu Jian
Xom
Yredelemnul
Zin
The Shining One
Lugonu

Shops:
D:4 *   D:9 ?

Annotations:
D:8 1 exclusion
D:9 3 transporters
D:12 Frances


Innate Abilities, Weirdness & Mutations

You are resistant to torment.
Your stone body is resilient. (AC +9)
You are immune to poison.
You resist negative energy. (rN+)
You are resistant to electric shocks. (rElec)
You can survive without breathing.
You are immune to petrification.
You are immune to rotting.


Message History

Makhleb accepts your kill.
Frances hits you from afar with a +0 trident of venom!
You block Frances's attack.
Your plate armour of Dawn prevents you from hitting Frances.
Frances whispers indecipherable words.
You hit the orange demon.
The orange demon is lightly wounded.
Frances whispers indecipherable words.
The shard of ice hits you!!
You bludgeon the orange demon!!
Lightning courses through the orange demon!
The orange demon is severely wounded.
Frances hits you with a +0 trident of venom.
The orange demon stings you but does no damage.
You block the orange demon's attack.
You hit the orange demon.
The orange demon is severely wounded.
Frances chants phrases taken from a devil's mouth.
The iron shot hits you!!
You die...

...............
......>#####..# .......#
#..# # .......# #..# .#
.......# #..# ..#
.......#####..#####..###
........................
.....(.<................
##..####..####.4@@......
#..# #..# #.)........
#..# #..# #..........
#..# #..# #..........
#..# #..# #..........
#..# #..# #..........
#..# #..# #..........
#### ###########


You could see Frances and an orange demon.

Vanquished Creatures
  Gastronok (D:10)
  A storm dragon (D:12)
  Azrael (D:11)
  Fannar (D:12)
  Harold (D:11)
  A centaur warrior (D:12)
  A two-headed ogre (D:9)
  Erica (D:11)
  2 death yaks (Lair:1)
  Urug (D:11)
  Nergalle (D:11)
  An unseen horror (D:9)
  Pikel (D:6)
  An ugly thing (D:11)
  A manticore (D:12)
  Psyche (D:12)
  A spiny frog (Lair:1)
  A torpor snail (Lair:1)
  A gargoyle (D:12)
  The ghost of OmG the Charlatan, a novice DsAr (D:4)
  A rime drake (Lair:1)
  2 komodo dragons (Lair:1)
  Grinder (D:4)
  4 trolls
  5 hornets
  4 slime creatures (D:12)
  2 shadows
  18 yaks
  A wyvern (D:12)
  A wraith (D:12)
  2 fire elementals (D:11)
  2 hungry ghosts
  A steam dragon (D:9)
  A soldier ant (D:11)
  2 porcupines (Lair:1)
  A water moccasin (D:6)
  3 hell hounds (D:11)
  3 orc warriors
  2 ice beasts
  2 sky beasts
  A hornet zombie (D:10)
  3 black bears
  An eye of draining (D:10)
  A necrophage (D:9)
  A phantom (D:11)
  3 ogres
  14 centaurs
  7 bullfrogs
  3 big kobolds
  A gnoll sergeant (D:10)
  5 scorpions
  4 killer bees (D:11)
  3 wights (D:7)
  6 howler monkeys
  6 crimson imps
  2 bullfrog zombies
  A quasit (D:8)
  5 hounds
  3 centaur zombies
  6 jellies
  4 bullfrog skeletons
  6 orc priests
  3 centaur skeletons
  14 orc wizards
  Jessica (D:2)
  7 iguanas
  10 worker ants
  A killer bee zombie (D:7)
  A hound zombie (D:4)
  A hound skeleton (D:4)
  A worker ant zombie (D:7)
  Robin (D:2)
  11 adders
  5 gnolls (D:10)
  3 shadow imps
  An adder skeleton (D:4)
  An adder zombie (D:10)
  A worm (D:4)
  3 dart slugs
  4 leopard geckos
  43 orcs
  4 giant cockroaches
  15 goblins
  9 hobgoblins
  13 jackals
  16 kobolds
  7 quokkas
  A ball python (D:4)
  4 bats
  2 frilled lizards (D:1)
  A giant cockroach zombie (D:5)
  A jackal skeleton (D:4)
  A leopard gecko skeleton (D:4)
  2 quokka skeletons (D:4)
  7 rats
  4 plants (Lair:1)
364 creatures vanquished.

Vanquished Creatures (others)
  A worker ant (D:12)
  An orc (D:11)
  2 jackals (D:6)
  A leopard gecko skeleton (D:6)
  A plant (Lair:1)
6 creatures vanquished.

Grand Total: 370 creatures vanquished

Notes
Turn   | Place    | Note
-------+----------+-------------------------------------------
     0 | D:1      | Moonwind the Gargoyle Fighter began the quest for the Orb.
     0 | D:1      | Reached XP level 1. HP: 14/14 MP: 1/1
   205 | D:1      | Reached XP level 2. HP: 19/19 MP: 2/2
   690 | D:2      | Reached XP level 3. HP: 12/23 MP: 3/3
  1043 | D:2      | Noticed Robin
  1280 | D:2      | Noticed Jessica
  1289 | D:2      | Killed Jessica
  1289 | D:2      | Reached skill level 1 in Dodging
  1289 | D:2      | Reached XP level 4. HP: 24/28 MP: 4/4
  1566 | D:2      | Killed Robin
  1618 | D:2      | Found an ancient bone altar of Kikubaaqudgha.
  2041 | D:3      | Found a shadowy altar of Dithmenos.
  2063 | D:3      | Reached XP level 5. HP: 33/33 MP: 5/5
  2540 | D:3      | Found a burning altar of Makhleb.
  2545 | D:3      | Became a worshipper of Makhleb the Destroyer
  2751 | D:4      | Reached skill level 3 in Maces & Flails
  2813 | D:4      | Reached XP level 6. HP: 38/38 MP: 6/6
  2855 | D:4      | Found a staircase to the Ecumenical Temple.
  2917 | Temple   | Entered the Ecumenical Temple
  3055 | D:4      | Found Puf Pax's General Store.
  3068 | D:4      | Bought a scroll of identify for 20 gold pieces
  3068 | D:4      | Bought a scroll of identify for 20 gold pieces
  3068 | D:4      | Bought a scroll of identify for 20 gold pieces
  3094 | D:4      | Found an iron altar of Okawaru.
  3120 | D:4      | Found a runed translucent gate.
  3121 | D:4      | Found a runed translucent gate.
  3122 | D:4      | Found a runed translucent gate.
  3123 | D:4      | Noticed OmG's ghost (novice DsAr)
  3178 | D:4      | Reached skill level 4 in Maces & Flails
  3287 | D:4      | Noticed Grinder
  3290 | D:4      | Paralysed by Grinder for 6 turns
  3303 | D:4      | Paralysed by Grinder for 3 turns
  3392 | D:4      | Reached skill level 5 in Shields
  3490 | D:4      | Reached XP level 7. HP: 25/43 MP: 7/7
  4151 | D:4      | Found an opulent altar of Gozag.
  4204 | D:4      | Paralysed by Grinder for 7 turns
  4218 | D:4      | Paralysed by Grinder for 4 turns
  4223 | D:4      | Killed Grinder
  4223 | D:4      | Reached skill level 5 in Maces & Flails
  4379 | D:4      | Reached * piety under Makhleb
  4638 | D:4      | Reached skill level 5 in Armour
  4638 | D:4      | Reached XP level 8. HP: 41/48 MP: 8/8
  4745 | D:5      | Entered Level 5 of the Dungeon
  4786 | D:5      | Found a bloodstained altar of Trog.
  5182 | D:5      | Reached skill level 6 in Maces & Flails
  5249 | D:5      | Found a glowing golden altar of the Shining One.
  5382 | D:5      | Found a basalt altar of Yredelemnul.
  5811 | D:5      | Found a hazy altar of Hepliaklqana.
  6026 | D:6      | Found a shimmering altar of Xom.
  6036 | D:6      | Found a shattered altar of Ashenzari.
  6062 | D:6      | Reached skill level 1 in Stealth
  6185 | D:6      | Noticed Pikel
  6207 | D:6      | Killed Pikel
  6207 | D:6      | Reached skill level 5 in Fighting
  6207 | D:6      | Reached skill level 7 in Maces & Flails
  6207 | D:6      | Reached XP level 9. HP: 24/54 MP: 9/9
  6540 | D:6      | Found a white marble altar of Elyvilon.
  6541 | D:6      | Found a radiant altar of Vehumet.
  6548 | D:6      | Reached skill level 1 in Invocations
  6709 | D:7      | Found a sacrificial altar of Ru.
  7029 | D:7      | Reached ** piety under Makhleb
  7186 | D:7      | Reached skill level 8 in Maces & Flails
  8599 | D:9      | Noticed a hornet
  8615 | D:9      | Killed a hornet
  8615 | D:9      | Reached XP level 10. HP: 47/60 MP: 12/12
  8680 | D:9      | Found Atwob's Magic Scroll Shop.
  8688 | D:9      | Bought a scroll of identify for 28 gold pieces
  8688 | D:9      | Bought a scroll of remove curse for 42 gold pieces
  8711 | D:9      | Found a hide-covered altar of Uskayaw.
  8760 | D:9      | Reached skill level 9 in Maces & Flails
  8856 | D:9      | Found a transporter.
  8857 | D:9      | Found a transporter.
  8857 | D:9      | Noticed a two-headed ogre
  8951 | D:9      | Found a staircase to the Orcish Mines.
  9027 | D:9      | Found a transporter.
  9040 | D:9      | Found a transporter.
  9040 | D:9      | Found a transporter.
  9073 | D:9      | Reached *** piety under Makhleb
  9358 | D:9      | Found a stormy altar of Qazlal.
  9424 | D:10     | Entered Level 10 of the Dungeon
  9525 | D:10     | Reached skill level 5 in Invocations
  9846 | D:10     | Reached skill level 10 in Maces & Flails
  9857 | D:10     | Found a staircase to the Lair.
  9911 | D:10     | Reached XP level 11. HP: 66/66 MP: 15/15
 10134 | D:10     | Noticed Gastronok
 10668 | D:11     | Noticed Urug
 10726 | D:11     | Noticed a brown ugly thing
 10922 | Lair:1   | Entered Level 1 of the Lair of Beasts
 10941 | Lair:1   | Reached **** piety under Makhleb
 11156 | Lair:1   | Noticed a death yak
 11207 | Lair:1   | Killed a death yak
 11239 | Lair:1   | Noticed a death yak
 11261 | Lair:1   | Killed a death yak
 11261 | Lair:1   | Reached skill level 11 in Maces & Flails
 11346 | Lair:1   | Got a faintly glowing plate armour
 11357 | Lair:1   | Identified the +7 plate armour of Dawn {Regen+ rCorr Str+3
                  | SInv} (You found it on level 1 of the Lair of Beasts)
 11610 | D:11     | Noticed Nergalle
 11619 | D:11     | Killed Nergalle
 11662 | D:11     | Killed Urug
 11662 | D:11     | Reached XP level 12. HP: 74/74 MP: 17/17
 11761 | D:11     | Noticed Harold
 11777 | D:11     | Noticed Erica
 11781 | D:11     | Killed Harold
 11793 | D:11     | Killed Erica
 12000 | D:11     | Reached ***** piety under Makhleb
 12014 | D:11     | Reached skill level 12 in Maces & Flails
 12377 | D:12     | Noticed Azrael
 12473 | D:12     | Noticed Psyche
 12541 | D:12     | Noticed Fannar
 12557 | D:11     | Killed Azrael
 12668 | D:12     | Killed Fannar
 12749 | D:12     | Killed Psyche
 13073 | D:9      | Killed a two-headed ogre
 13089 | D:9      | Reached XP level 13. HP: 80/80 MP: 19/19
 13299 | D:4      | Bought the +9 flail of Risk Management {elec, rF+ MR+} for
                  | 733 gold pieces
 13444 | D:4      | Killed OmG's ghost
 13769 | D:10     | Killed Gastronok
 13769 | D:10     | Reached skill level 13 in Maces & Flails
 13769 | D:10     | Reached skill level 10 in Shields
 13952 | D:12     | Noticed a storm dragon
 13968 | D:12     | Killed a storm dragon
 13968 | D:12     | Reached skill level 10 in Armour
 14122 | D:12     | Noticed Frances
 14144 | D:12     | Killed from afar by Frances

Skill      XL: |  1  2  3  4  5  6  7  8  9 10 11 12 13 |
---------------+----------------------------------------+-----
Armour         | 4 5 6 7 8 9 10 | 10.1
Dodging        | 1 2 3 4 |  4.2
Shields        | 4 5 6 7 8 9 10 | 10.1
Maces & Flails | 3 4 5 7 8 10 11 12 13 | 13.2
Fighting       | 4 5 6 8 9 |  9.6
Stealth        | 1 |  1.6
Invocations    | 3 5 7 8 9 |  9.3

Action                   |  1- 3 |  4- 6 |  7- 9 | 10-12 | 13-15 || total
-------------------------+-------+-------+-------+-------+-------++-------
Melee: Flail             |   140 |   142 |   163 |   830 |    92 ||  1367
       Mace              |       |   136 |   306 |       |       ||   442
Invok: Minor Destruction |       |       |       |     5 |       ||     5
Evoke: Wand              |       |       |       |     4 |       ||     4
  Use: Scroll            |     4 |     9 |     3 |    11 |       ||    27
       Potion            |       |     1 |       |     1 |       ||     2
  Eat: Ration            |     1 |     1 |     4 |     1 |     1 ||     8
       Chunk             |       |     4 |     9 |    14 |       ||    27
Armor: Scale mail        |    71 |   171 |   300 |    92 |       ||   634
       Plate armour      |       |       |       |   479 |    79 ||   558
Dodge: Dodged            |    57 |   125 |   231 |   316 |    32 ||   761
Block: Shield            |    99 |   125 |       |       |       ||   224
       Buckler           |       |    29 |   160 |   288 |    34 ||   511
